AoeStats
← miguelon01

Arena

510336231Analyzed
4v4 RM · 2d ago on Sep 30, 2026· 52m 41s· 8 players
Game mode
Random Map
Map size
Large (8 player)
Population
200
Speed
Normal
Resources
Standard
Victory
Conquest
Starting age
Dark Age
Ending age
Imperial Age
RankedLock teamsTeams togetherTeam positionsShared explorationLock speedFull tech treeHidden civsTurbo modeCheats
Victory
Defeat
🇻🇳 Slavs · Vietnam
1126
+14
🇦🇹 Goths · Austria
1089
+16
🇮🇳 Varangians · India
1088
+16
🇮🇳 Turks · India
1029
+18
🇧🇷 Bohemians · Brazil
1127
-18
🇮🇹 Khitans · Italy
1122
-18
🇦🇹 Teutons · Austria
1036
-14
🇦🇷 Celts · Argentina
1036
-14
Mr.MoneyBoy
11:44 Feudal Age
13:13 Double-Bit Axe
13:11 Horse Collar
15:39 Castle Age
18:47 Bow Saw
25:11 Heavy Plow
25:06 Gold Mining
25:16 Stone Mining
25:45 Loom
26:36 Wheelbarrow
25:46 Town Watch
27:05 Squires
27:18 Forging
27:09 Scale Mail Armor
27:34 Hand Cart
27:24 Town Patrol
28:03 Fervor
28:54 Stone Shaft Mining
29:07 Iron Casting
29:32 Sanctity
32:20 Imperial Age
30:17 Chain Mail Armor
30:37 Anarchy
30:32 Fletching
31:05 Ballistics
30:26 Treadmill Crane
32:03 Bodkin Arrow
33:01 Masonry
32:46 Murder Holes
33:28 Conscription
34:12 Blast Furnace
33:14 Bracer
33:47 Crop Rotation
34:38 Two-Man Saw
34:04 Perfusion
33:43 Elite Huskarl
36:25 Chemistry
37:19 Guilds
43:02 Man-at-Arms
44:43 Coinage
44:14 Caravan
46:02 Banking
44:55 Long Swordsman
45:00 Pikeman
46:20 Two-Handed Swordsman
46:20 Halberdier
47:52 Champion
メHANSメ
10:53 Feudal Age
14:25 Castle Age
12:38 Double-Bit Axe
12:35 Horse Collar
15:29 Bow Saw
15:33 Heavy Plow
22:55 Wheelbarrow
23:25 Scale Barding Armor
23:43 Bloodlines
23:34 Husbandry
25:43 Chain Barding Armor
26:05 Hand Cart
25:49 Gold Mining
26:20 Forging
26:46 Loom
30:08 Imperial Age
28:03 Stone Mining
29:54 Iron Casting
31:40 Plate Barding Armor
30:27 Cavalier
33:33 Blast Furnace
32:22 Vendel Legacy
32:23 Elite Jarl
33:27 Caravan
34:36 Conscription
34:32 Fletching
35:04 Ballistics
35:45 Chemistry
34:57 Masonry
34:52 Siege Engineers
34:29 Treadmill Crane
34:49 Murder Holes
35:05 Fortified Wall
35:47 Bodkin Arrow
39:31 Bracer
41:13 Architecture
45:09 Elite Varangian Guard
45:50 Squires
46:49 Arson
46:50 Gambesons
47:06 Scale Mail Armor
47:53 Herbal Medicine
49:53 Gothikon
51:40 Chain Mail Armor
kw3dsky
9:31 Feudal Age
15:43 Castle Age
14:12 Gold Mining
20:30 Redemption
25:25 Devotion
25:49 Sanctity
33:22 Imperial Age
31:06 Double-Bit Axe
33:22 Bow Saw
35:08 Chemistry
35:11 Ballistics
52:11 Wheelbarrow
Valstrax
12:45 Feudal Age
16:19 Castle Age
14:35 Horse Collar
14:41 Double-Bit Axe
22:41 Imperial Age
21:43 Heavy Plow
21:38 Gold Mining
22:03 Bow Saw
24:20 Wheelbarrow
25:12 Padded Archer Armor
25:48 Gold Mining
27:46 Scale Barding Armor
33:41 Loom
35:10 Fletching
35:42 Chain Barding Armor
35:58 Bodkin Arrow
36:26 Ballistics
37:08 Conscription
37:42 Bloodlines
37:33 Husbandry
41:13 Artillery
42:35 Treadmill Crane
45:07 Forging
45:13 Leather Archer Armor
newworldorder
11:04 Feudal Age
13:57 Loom
17:32 Castle Age
16:13 Double-Bit Axe
18:30 Fletching
25:19 Bodkin Arrow
28:40 Wheelbarrow
32:45 Imperial Age
31:00 Scale Barding Armor
33:15 Cavalier
34:03 Town Watch
36:10 Crenellations
37:28 Chain Barding Armor
38:34 Hand Cart
38:46 Bow Saw
38:18 Horse Collar
38:53 Bloodlines
38:59 Forging
40:57 Plate Barding Armor
42:03 Ballistics
43:17 Paladin
Tikka Masala
11:43 Feudal Age
15:21 Castle Age
13:50 Double-Bit Axe
13:48 Domestication
16:47 Bow Saw
16:39 Pastoralism
20:48 Wheelbarrow
20:50 Loom
21:17 Stone Mining
22:22 Hand Cart
22:20 Gold Mining
27:42 Imperial Age
25:37 Forging
25:27 Scale Mail Armor
26:12 Stone Shaft Mining
27:04 Iron Casting
27:14 Chain Mail Armor
29:24 Two-Man Saw
28:56 Transhumance
28:36 Squires
28:21 Arson
28:31 Gambesons
28:30 Elite Liao Dao
29:48 Conscription
31:57 Padded Archer Armor
32:30 Plate Mail Armor
32:52 Lamellar Armor
35:38 Fletching
35:35 Treadmill Crane
36:47 Bodkin Arrow
38:13 Bracer
38:26 Murder Holes
38:37 Elite Skirmisher
39:51 Padded Archer Armor
42:00 Ballistics
43:27 Chemistry
43:25 Thumb Ring
Erickinio
10:37 Feudal Age
11:10 Loom
11:50 Double-Bit Axe
11:42 Man-at-Arms
12:42 Arson
13:18 Forging
18:53 Horse Collar
22:40 Castle Age
23:00 Wheelbarrow
23:55 Pikeman
24:34 Gambesons
24:11 Long Swordsman
24:52 Scale Mail Armor
25:28 Iron Casting
27:23 Stronghold
28:58 Gold Mining
32:11 Chain Mail Armor
31:54 Murder Holes
32:21 Ballistics
36:38 Hand Cart
38:22 Bow Saw
38:24 Masonry
42:15 Imperial Age
42:56 Fortified Wall
44:00 Blast Furnace
43:31 Plate Mail Armor
43:04 Halberdier
44:41 Fletching
45:55 Chemistry
48:56 Conscription
48:47 Furor Celtica
48:14 Onager
50:44 Two-Handed Swordsman
miguelon01
11:40 Feudal Age
18:15 Castle Age
17:25 Double-Bit Axe
17:50 Horse Collar
18:53 Crossbowman
19:25 Fletching
20:21 Bow Saw
19:38 Elite Skirmisher
23:06 Wheelbarrow
24:41 Bodkin Arrow
29:05 Ballistics
31:14 Padded Archer Armor
33:47 Leather Archer Armor
33:54 Heavy Plow
34:43 Fortified Wall
35:35 Chemistry
35:45 Loom
37:12 Forging
40:02 Imperial Age
36:55 Pikeman
37:35 Squires
37:21 Arson
46:07 Imperial Age
47:11 Scale Mail Armor
Connection lost

Rejoining the realm…

Still unreachable

The connection could not be restored.

Session expired

The server has moved on; the page needs a fresh start.